 Dungeon Crawl Stone Soup version 0.21-a0-71-g5e5ddd2 (webtiles) character file.

4451 deathlord54 the Basher (level 10, -23/84 HPs)
             Began as a Red Draconian Fighter on June 19, 2017.
             Was an Elder of the Shining One.
             Hit by a large rock thrown by a cyclops (34 damage)
             ... on level 9 of the Dungeon.
             The game lasted 00:45:15 (9991 turns).

deathlord54 the Basher (Red Draconian Fighter)      Turns: 9991, Time: 00:45:15

Health: -23/84     AC:  9    Str: 21    XL:     10   Next: 15%
Magic:  10/10      EV: 11    Int:  9    God:    the Shining One [****..]
Gold:   271        SH: 16    Dex: 11    Spells: 9/9 levels left

rFire    + . .     SeeInvis .   H - +3 trident (curse)
rCold    . . .     Gourm    .   n - +0 large shield
rNeg     + + +     Faith    +   (armour unavailable)
rPois    .         Spirit   .   (helmet restricted)
rElec    .         Reflect  .   (no cloak)
rCorr    .         Harm     .   u - +1 pair of gloves
MR       .....                  (no boots)
Stlth    +.........             r - amulet of faith
HPRegen  0.24/turn              t - ring of positive energy
MPRegen  0.12/turn              (no ring)

@: short of breath, glowing
A: breathe fire, unfitting armour, fire resistance 1, cold-blooded, AC +7
a: Breathe Fire, Divine Shield, Cleansing Flame, Renounce Religion


You were on level 9 of the Dungeon.
You worshipped the Shining One.
The Shining One was greatly pleased with you.
You were not hungry.

You visited 2 branches of the dungeon, and saw 10 of its levels.

You collected 271 gold pieces.

Inventory:

Hand Weapons
 a - a +1 flail
 k - a cursed +2 battleaxe
 q - a +0 short sword of venom
 y - a +0 shortbow
 G - a +3 great sword
 H - a cursed +3 trident (weapon)
 J - a +1 spear of flaming
Missiles
 l - 7 exploding tomahawks (quivered)
 z - 147 arrows
Armour
 b - a +0 shield
 e - a +0 shield
 n - a +0 large shield (worn)
 u - a +1 pair of gloves (worn)
Jewellery
 r - an amulet of faith (around neck)
 t - a ring of positive energy (left hand)
Wands
 d - a wand of iceblast (8/15)
 F - a wand of enslavement (5/24)
 I - a wand of enslavement (11/24)
Scrolls
 f - 2 scrolls of teleportation
 g - a scroll of random uselessness
 h - 3 scrolls of identify
 m - 4 scrolls of remove curse
 A - a scroll of magic mapping {unknown}
 B - a scroll of blinking {unknown}
Potions
 c - a potion of might
 i - 3 potions of lignification
 j - 2 potions of brilliance {unknown}
 o - 2 potions of cancellation {unknown}
 p - 2 potions of mutation {unknown}
 s - a potion of heal wounds {unknown}
 v - a potion of haste {unknown}
 w - a potion of flight
 x - a potion of agility {unknown}
 C - a potion of berserk rage {unknown}
 D - 2 potions of degeneration {unknown}
Comestibles
 E - a meat ration


   Skills:
 + Level 6.9 Fighting
 + Level 8.6 Maces & Flails
 + Level 3.6 Polearms
 + Level 6.3 Dodging
 + Level 2.4 Stealth
 + Level 8.3 Shields


You had 9 spell levels left.
You didn't know any spells.

Dungeon Overview and Level Annotations

Branches:
Dungeon (9/15)             Temple (1/1) D:7
   Lair: D:8-11         Orc: D:9-12

Altars:
Ashenzari
Cheibriados
Dithmenos
Elyvilon
Fedhas
Gozag
Hepliaklqana
Kikubaaqudgha
Makhleb
Nemelex Xobeh
Okawaru
Qazlal
Sif Muna
Trog
Uskayaw
Vehumet
Wu Jian
Xom
Yredelemnul
Zin
The Shining One

Annotations:
D:9 Pikel


Innate Abilities, Weirdness & Mutations

You can breathe blasts of fire.
Your fiery red scales are hard. (AC +7)
You cannot fit into any form of body armour.
Your flesh is heat resistant. (rF+)
You are cold-blooded and may be slowed by cold attacks.


Message History

The fiery breath hits the cyclops.
The cyclops is moderately wounded.
The fiery breath hits the hound.
The hound is heavily wounded.
You feel somewhat more hungry.
You hear a shout!
The hound is engulfed in blazing flames.
You kill the hound!
The worker ant zombie waves its antennae.
The cyclops throws a large rock.
The large rock hits you!!
* * * LOW HITPOINT WARNING * * *
Pikel waves his whip at you.
The wyvern hisses menacingly.
The cyclops throws a large rock.
You block the large rock.
Pikel is engulfed in blazing flames.
You see here a large rock.
You start resting.
A cyclops is nearby!
The cyclops throws a large rock.
The large rock hits you!!
You die...

#. ## #.###
#..##.# ##lT$$$#
#..#.#.#.#KZ$$$#
..#.#.#CH$$$$K
#.#ยง#)# #.#(##
##C### #.(..#
#.#..@#
...###..# #.#
#.#.# #. .##)# #
# #


You could see a cyclops.

Vanquished Creatures
  The ghost of Bob the Cleaver, a novice DDFi of Makhleb (D:7)
  A kobold demonologist (D:9)
  A hippogriff (D:8)
  A shadow (D:9)
  A hungry ghost (D:7)
  2 orc warriors
  A sky beast (D:7)
  5 ogres
  3 ice beasts
  A phantom (D:8)
  6 centaurs
  The ghost of kitkat the Magician, an amateur DECj (D:3)
  A wyvern zombie (D:8)
  A gnoll sergeant (D:8)
  A bullfrog (D:9)
  A scorpion (D:4)
  4 wights (D:8)
  5 howler monkeys
  2 crimson imps (D:6)
  A centaur skeleton (D:8)
  4 hounds
  2 orc priests
  2 jellies (D:6)
  6 orc wizards
  2 iguanas
  2 worker ants
  A hound zombie (D:5)
  6 hound skeletons
  Robin (D:4)
  A howler monkey skeleton (D:8)
  6 gnolls (D:8)
  14 adders
  A shadow imp (D:6)
  An ooze (D:1)
  An adder skeleton (D:4)
  2 worms (D:3)
  6 dart slugs
  5 leopard geckos
  30 orcs
  7 bats
  10 giant cockroaches
  8 goblins
  5 hobgoblins
  4 jackals
  4 quokkas
  A ball python (D:3)
  6 frilled lizards
  8 kobolds
  7 rats
  A plant (D:4)
194 creatures vanquished.

Notes
Turn   | Place    | Note
-------+----------+-------------------------------------------
     0 | D:1      | deathlord54 the Draconian Fighter began the quest for the Orb.
     0 | D:1      | Reached XP level 1. HP: 19/19 MP: 1/1
   240 | D:1      | Reached XP level 2. HP: 24/26 MP: 2/2
   666 | D:1      | Reached XP level 3. HP: 31/31 MP: 3/3
  1078 | D:2      | Reached XP level 4. HP: 37/39 MP: 4/4
  1596 | D:3      | Reached skill level 1 in Stealth
  2014 | D:3      | Found a white marble altar of Elyvilon.
  2014 | D:3      | Found a snail-covered altar of Cheibriados.
  2030 | D:3      | Became a worshipper of Elyvilon the Healer
  2075 | D:3      | Noticed kitkat's ghost (amateur DECj)
  2097 | D:3      | HP: 1/39 [kitkat's ghost (1)]
  2098 | D:3      | Killed kitkat's ghost
  2098 | D:3      | Reached XP level 5. HP: 1/45 MP: 5/5
  3053 | D:4      | Reached * piety under Elyvilon
  3057 | D:4      | Noticed Robin
  3073 | D:4      | Killed Robin
  3312 | D:4      | Reached XP level 6. HP: 49/52 MP: 6/6
  3964 | D:5      | Entered Level 5 of the Dungeon
  4016 | D:5      | Reached skill level 5 in Shields
  4016 | D:5      | Your scales start taking on a fiery red colour.
  4016 | D:5      | Reached XP level 7. HP: 59/59 MP: 7/7
  4016 | D:5      | Gained mutation: Your flesh is heat resistant. (rF+) [Red Draconian growth]
  4040 | D:5      | Reached ** piety under Elyvilon
  5132 | D:5      | Reached skill level 5 in Maces & Flails
  5628 | D:6      | Found an ornate altar of the Wu Jian Council.
  5640 | D:6      | Found a basalt altar of Yredelemnul.
  5980 | D:6      | Reached *** piety under Elyvilon
  6004 | D:6      | Reached XP level 8. HP: 7/67 MP: 8/8
  6577 | D:6      | Reached skill level 5 in Dodging
  6597 | D:6      | HP: 3/67 [orc wizard/hand axe (2)]
  7024 | D:6      | Reached skill level 5 in Fighting
  7312 | D:7      | Noticed Bob's ghost (novice DDFi)
  7451 | D:7      | Found a staircase to the Ecumenical Temple.
  7465 | Temple   | Entered the Ecumenical Temple
  7792 | Temple   | Reached **** piety under Elyvilon
  7805 | Temple   | Fell from the grace of Elyvilon
  7805 | Temple   | Became a worshipper of the Shining One
  7805 | Temple   | Reached * piety under the Shining One
  7805 | Temple   | Reached ** piety under the Shining One
  8040 | D:7      | Reached XP level 9. HP: 65/74 MP: 9/9
  8063 | D:7      | The Shining One protects you from harm!
  8065 | D:7      | Killed Bob's ghost
  8396 | D:7      | Found a glowing silver altar of Zin.
  8403 | D:7      | Found a blossoming altar of Fedhas.
  8403 | D:7      | Found a shattered altar of Ashenzari.
  8886 | D:8      | HP: 3/75 [poisoned by an orc warrior]
  8891 | D:8      | HP: 2/75 [poisoned by an orc warrior]
  9296 | D:8      | Reached *** piety under the Shining One
  9352 | D:8      | Reached skill level 1 in Polearms
  9799 | D:8      | Reached XP level 10. HP: 81/84 MP: 10/10
  9944 | D:9      | Paralysed by fainting for 8 turns
  9949 | D:9      | Noticed a cyclops
  9959 | D:9      | Paralysed by fainting for 10 turns
  9972 | D:9      | Noticed Pikel
  9983 | D:9      | Reached **** piety under the Shining One
  9991 | D:9      | Hit by a large rock thrown by a cyclops

Vault maps used:
D:1:      tarquinn_simple_flora_water_e
D:2:      grunt_decor_one_mirror
D:3:      lemuel_upstairs_altar, gammafunk_temple_overflow_statue
D:4:      saegor_snake_ambush, uniq_robin
D:5:      first_bread
D:6:      minitemple, bh_walls_and_bars
D:7:      grunt_temple_overflow_open, minmay_temple_entry_trees
D:9:      minmay_the_grid_square_5x5_4x4, nicolae_ru_sacrificial_ziggurat,
          orc_0_dummy, hangedman_little_slice_of_home, uniq_pikel
Temple:   dpeg_chambers_temple

Skill      XL: |  1  2  3  4  5  6  7  8  9 |
---------------+----------------------------+-----
Dodging        | 3 4 5 6 |  6.3
Maces & Flails | 3 4 5 7 8 |  8.6
Stealth        | 1 2 |  2.4
Shields        | 4 5 6 7 8 |  8.3
Fighting       | 4 5 6 |  6.9
Polearms       | 3 |  3.6

Action                   |  1- 3 |  4- 6 |  7- 9 | 10-12 || total
-------------------------+-------+-------+-------+-------++-------
Melee: Flail             |   114 |   239 |   318 |       ||   671
       Tailslap          |     6 |    36 |    69 |     2 ||   113
       Trident           |       |       |   123 |    34 ||   157
Invok: Lesser Healing    |       |       |     1 |       ||     1
 Abil: Breathe Fire      |       |       |     3 |     1 ||     4
  Use: Scroll            |     1 |     9 |     8 |       ||    18
       Potion            |       |     3 |     1 |       ||     4
  Eat: Bread ration      |     1 |     1 |     2 |       ||     4
       Royal jelly       |       |     1 |     1 |       ||     2
       Chunk             |       |       |     2 |       ||     2
       Fruit             |       |       |     2 |       ||     2
       Meat ration       |       |       |     1 |     1 ||     2
Armor: Skin              |    42 |    76 |   107 |    14 ||   239
Dodge: Dodged            |    54 |    94 |   144 |    14 ||   306
Block: Shield            |    62 |       |       |       ||    62
       Large shield      |    33 |   236 |   409 |    25 ||   703
